 Dungeon Crawl Stone Soup version 0.21.0-3-g78d12a8bdd (webtiles) character file.

837 Principatus the Cleaver (level 7, -12/57 HPs)
             Began as a Minotaur Fighter on Jan 8, 2018.
             Was a Follower of Makhleb.
             Killed from afar by a gargoyle (27 damage)
             ... with a stone arrow
             ... on level 5 of the Dungeon.
             The game lasted 00:10:11 (3792 turns).

Principatus the Cleaver (Minotaur Fighter)          Turns: 3792, Time: 00:10:12

Health: -12/57     AC: 10    Str: 20    XL:     7   Next: 66%
Magic:  6/6        EV:  6    Int:  2    God:    Makhleb [*.....]
Gold:   290        SH: 10    Dex: 12    Spells: 6/6 levels left

rFire    . . .     SeeInvis .   a - +0 war axe
rCold    . . .     Gourm    .   c - +0 shield
rNeg     . . .     Faith    .   A - +0 chain mail
rPois    .         Spirit   .   E - +0 hat
rElec    .         Reflect  .   (no cloak)
rCorr    .         Harm     .   j - +0 pair of gloves
MR       .....                  (no boots)
Stlth    ..........             (no amulet)
HPRegen  0.19/turn              D - -3 ring of intelligence (curse)
MPRegen  0.10/turn              (no ring)

@: no status effects
A: retaliatory headbutt, horns 2
a: Renounce Religion


You were on level 5 of the Dungeon.
You worshipped Makhleb.
Makhleb was aware of your devotion.
You were not hungry.

You visited 1 branch of the dungeon, and saw 5 of its levels.
You also visited: Ossuary.

You collected 290 gold pieces.

Inventory:

Hand Weapons
 a - a +0 war axe (weapon)
Missiles
 u - 91 stones (quivered)
Armour
 b - a +0 scale mail
 c - a +0 shield (worn)
 j - a +0 pair of gloves (worn)
 A - a +0 chain mail (worn)
 E - a +0 hat (worn)
Jewellery
 D - a cursed -3 ring of intelligence (left hand)
Wands
 B - a wand of flame (32)
 F - a wand of enslavement (17)
Scrolls
 e - 5 scrolls of identify
 g - a scroll of immolation {unknown}
 k - 3 scrolls of amnesia {unknown}
 m - a scroll of blinking
 o - 2 scrolls of remove curse
 p - a scroll of fear
 v - a scroll of noise {unknown}
 w - 2 scrolls of enchant armour {unknown}
 x - a scroll of random uselessness {unknown}
 y - 2 scrolls of teleportation {unknown}
Potions
 d - a potion of might
 h - 2 potions of invisibility
 i - 3 potions of cancellation
 l - a potion of experience {unknown}
 n - a potion of ambrosia {unknown}
 q - 3 potions of agility
 r - 3 potions of flight
 s - 2 potions of curing
 z - a potion of magic {unknown}
 C - a potion of berserk rage {unknown}
Comestibles
 f - 9 rations
 t - 10 chunks of flesh


   Skills:
 - Level 3.6 Fighting
 * Level 8.8 Axes
 - Level 3.6 Armour
 + Level 7.0 Shields


You had 6 spell levels left.
You didn't know any spells.

Dungeon Overview and Level Annotations

Branches:
Dungeon (5/15)
 Temple: D:4-7

Altars:
Fedhas
Hepliaklqana
Kikubaaqudgha
Makhleb
Nemelex Xobeh
Okawaru
Ru
Vehumet
Wu Jian

Shops:
D:4 %

Annotations:
D:3 denis1488's ghost, novice HuFi
D:4 exclusion: statue


Innate Abilities, Weirdness & Mutations

You reflexively headbutt those who attack you in melee.
You have a pair of horns on your head.


Message History

You furiously retaliate!
You headbutt the gargoyle, but do no damage.
You slash the centaur!
You kill the centaur!
Makhleb accepts your kill.
Your Shields skill increases to level 7!
Your chain mail prevents you from hitting the gargoyle.
The gargoyle hurls a stone arrow at you.
You block the stone arrow.
You hit the gargoyle but do no damage.
The gargoyle is lightly damaged.
The gargoyle hurls a stone arrow at you.
The stone arrow hits you!
You hit the gargoyle. You headbutt the gargoyle.
The gargoyle is moderately damaged.
The gargoyle hits you with a flail!
* * * LOW HITPOINT WARNING * * *
The gargoyle hurls a stone arrow at you.
The stone arrow hits you!
You die...

#... ####.#.#
##...
#...<#.#
#.[.##
#.#.##.#
#....#
#.#....#
....###
#.#######
#.....#
#........
#.###.9)#.#
#########
#>....(...+
+........
#######@###
####.##.#
####(# #.##.#
######..((#
#.#..#
........###
#.#...
........#.#
##### #.####
........'.#
#...# #.....
........#.#
#...########.
........#.#
#...##.......
#######..#.#
#...##.######


You could see a gargoyle.

Vanquished Creatures
  An ogre (D:5)
  A centaur (D:5)
  An elf zombie (Ossuary)
  2 orc priests (D:4)
  A human zombie (Ossuary)
  2 orc wizards
  Ijyb (D:5)
  Natasha (thrice) (D:2)
  3 worker ants
  A big kobold zombie (Ossuary)
  A hound zombie (Ossuary)
  A hound skeleton (D:5)
  4 mummies (Ossuary)
  3 gnolls (D:3)
  3 adders
  4 oozes
  6 worms
  4 dart slugs
  3 leopard geckos
  11 orcs
  A ball python (D:1)
  6 bats
  2 giant cockroaches
  8 goblins
  8 hobgoblins
  4 jackals
  5 kobolds
  4 quokkas
  8 frilled lizards
  A goblin zombie (Ossuary)
  4 hobgoblin zombies (Ossuary)
  2 jackal zombies (Ossuary)
  An orc zombie (Ossuary)
  6 rats
116 creatures vanquished.

Notes
Turn   | Place    | Note
-------+----------+-------------------------------------------
     0 | D:1      | Principatus the Minotaur Fighter began the quest for the Orb.
     0 | D:1      | Reached XP level 1. HP: 19/19 MP: 0/0
    94 | D:1      | Reached skill level 3 in Axes
    94 | D:1      | Reached XP level 2. HP: 25/26 MP: 1/1
   565 | D:2      | Reached XP level 3. HP: 28/31 MP: 2/2
   616 | D:2      | Reached skill level 4 in Axes
   655 | D:2      | Reached XP level 4. HP: 34/39 MP: 3/3
   868 | D:2      | Noticed Natasha
   877 | D:2      | Killed Natasha
   889 | D:2      | Noticed Natasha
   899 | D:2      | Killed Natasha
   899 | D:2      | Reached skill level 5 in Axes
  1012 | D:2      | Noticed Natasha
  1020 | D:2      | Killed Natasha
  1020 | D:2      | Reached XP level 5. HP: 35/45 MP: 4/4
  1080 | D:2      | Reached skill level 5 in Shields
  1390 | D:3      | Noticed denis1488's ghost (novice HuFi)
  1564 | D:3      | Reached skill level 6 in Axes
  1668 | D:3      | Found a sacrificial altar of Ru.
  1826 | D:3      | Found a hazy altar of Hepliaklqana.
  1826 | D:3      | Found a burning altar of Makhleb.
  1829 | D:3      | Found a sparkling altar of Nemelex Xobeh.
  1829 | D:3      | Found an ancient bone altar of Kikubaaqudgha.
  1831 | D:3      | Found an ornate altar of the Wu Jian Council.
  1933 | D:3      | Became a worshipper of Makhleb the Destroyer
  1970 | D:4      | Found a radiant altar of Vehumet.
  1970 | D:4      | Noticed a frost-covered statue
  1980 | D:4      | Reached XP level 6. HP: 51/51 MP: 5/5
  2121 | D:4      | Found a sand-covered staircase.
  2129 | Ossuary  | Entered an ossuary
  2151 | Ossuary  | Reached skill level 7 in Axes
  2676 | D:4      | Found Uschuureohacw's Food Emporium.
  2755 | D:4      | Found a blossoming altar of Fedhas.
  3075 | D:4      | Reached * piety under Makhleb
  3077 | D:4      | Reached XP level 7. HP: 42/57 MP: 6/6
  3397 | D:5      | Entered Level 5 of the Dungeon
  3455 | D:5      | Reached skill level 8 in Axes
  3564 | D:5      | Found an iron altar of Okawaru.
  3614 | D:5      | Noticed Ijyb
  3618 | D:5      | Killed Ijyb
  3785 | D:5      | Noticed a gargoyle
  3792 | D:5      | Killed from afar by a gargoyle

Skill      XL: |  1  2  3  4  5  6  7 |
---------------+----------------------+-----
Axes           | 3 4 5 6 7 8 |  8.8
Shields        | 4 5 6 7 |  7.0
Fighting       | |  3.6
Armour         | |  3.6

Action                   |  1- 3 |  4- 6 |  7- 9 || total
-------------------------+-------+-------+-------++-------
Melee: War axe           |    72 |   163 |    38 ||   273
       Headbutt          |    13 |    40 |    12 ||    65
Throw: Stone             |       |       |    10 ||    10
       Tomahawk          |       |       |     2 ||     2
Evoke: Wand              |       |       |     3 ||     3
  Use: Scroll            |       |     9 |       ||     9
  Eat: Chunk             |       |     4 |     2 ||     6
       Ration            |       |     1 |       ||     1
Armor: Scale mail        |    46 |    64 |       ||   110
       Chain mail        |       |     6 |    17 ||    23
Dodge: Dodged            |    18 |    43 |    12 ||    73
Block: Shield            |    29 |    70 |    21 ||   120
